 Dungeon Crawl Stone Soup version 0.28.0-53-g5a82cb258f (webtiles) character file.

Game seed: 15474270345862909125

2038 Infinimo the Basher (level 9, -1/144 HPs)
             Began as an Ogre Gladiator on June 3, 2022.
             Was a Believer of Okawaru.
             Slain by a wyvern (8 damage)
             ... on level 6 of the Dungeon.
             The game lasted 00:11:07 (10933 turns).

Infinimo the Basher (Ogre Gladiator)               Turns: 10933, Time: 00:11:08

Health: -1/144     AC:  3    Str: 24    XL:     9   Next: 24%
Magic:  9/9        EV: 11    Int:  9    God:    Okawaru [**....]
Gold:   249        SH:  0    Dex: 10    Spells: 8/8 levels left

rFire   . . .      SeeInvis .   v - +0 flail (vorpal)
rCold   . . .      Faith    .   (no shield)
rNeg    . . .      Spirit   .   b - +0 robe
rPois   .          Reflect  .   c - +0 hat
rElec   .          Harm     .   (no cloak)
rCorr   .          Rampage  .   (gloves unavailable)
Will    .....                   (boots unavailable)
Stlth   ..........              (no amulet)
HPRegen 0.34/turn               (no ring)
MPRegen 0.11/turn               (no ring)

@: berserking, very quick
A: large, unfitting armour, tough skin 1
a: Renounce Religion, Heroism


You were on level 6 of the Dungeon.
You worshipped Okawaru.
Okawaru was pleased with you.
You visited 2 branches of the dungeon, and saw 8 of its levels.

You collected 288 gold pieces.
You spent 39 gold pieces at shops.

Inventory:

Hand Weapons
 j - a +0 hunting sling
 u - a +1 giant spiked club
 v - a +0 vorpal flail (weapon)
Missiles
 d - 4 throwing nets (quivered)
 k - 16 sling bullets
Armour
 b - a +0 robe (worn)
 c - a +0 hat (worn)
Jewellery
 g - an amulet of the acrobat
 l - a ring of ice
 w - a ring of resist corrosion
Wands
 n - a wand of polymorph (8)
 t - a wand of paralysis (8)
Scrolls
 o - a scroll of teleportation
 p - 2 scrolls of immolation
Potions
 a - a potion of ambrosia {unknown}
 e - a potion of curing {unknown}
 f - a potion of mutation {unknown}
 h - 4 potions of lignification
 i - a potion of brilliance {unknown}
 m - a potion of berserk rage
 q - a potion of cancellation {unknown}
 r - a potion of might {unknown}
 s - a potion of magic {unknown}
 x - 2 potions of heal wounds {unknown}
 z - a potion of degeneration {unknown}
 A - a potion of invisibility {unknown}


   Skills:
 + Level 8.2 Fighting
 * Level 8.2 Maces & Flails
 - Level 2.0 Throwing
 + Level 6.0 Dodging


You had 8 spell levels left.
You didn't know any spells.
Your spell library contained the following spells:

 Spells                   Type           Power      Damage    Failure   Level
 Sting                    Tmut/Pois      0%         1d3       38%         1
 Poisonous Vapours        Pois/Air       0%         N/A       52%         2
 Sublimation of Blood     Necr           0%         N/A       52%         2
 Wereblood                Tmut           0%         N/A       52%         2
 Gell's Gravitas          Tloc           0%         N/A       77%         3
 Portal Projectile        Hex/Tloc       0%         N/A       77%         3
 Teleport Other           Tloc           0%         N/A       77%         3
 Leda's Liquefaction      Hex/Erth       0%         N/A       99%         4
 Olgreb's Toxic Radiance  Pois           0%         N/A       99%         4
 Passage of Golubria      Tloc           0%         N/A       99%         4
 Fireball                 Conj/Fire      0%         3d3       100%        5
 Iskenderun's Battlesphe  Conj           0%         2d6       100%        5
 Yara's Violent Unravell  Hex/Tmut       0%         3d3       100%        5
 Conjure Ball Lightning   Conj/Air       0%         3x3d6     100%        6
 Dispersal                Tloc           0%         N/A       100%        6
 Orb of Destruction       Conj           0%         9d5       100%        7
 Call Canine Familiar     Summ           Unusable   N/A       N/A         3
 Tukima's Dance           Hex            Unusable   N/A       N/A         3
 Summon Hydra             Summ           Unusable   N/A       N/A         7

Dungeon Overview and Level Annotations

Branches:
Dungeon (7/15)             Temple (1/1) D:4

Altars:
Ashenzari
Cheibriados
Dithmenos
Elyvilon
Fedhas
Gozag
Hepliaklqana
Makhleb
Nemelex Xobeh
Okawaru
Qazlal
Ru
Sif Muna
Trog
Uskayaw
Vehumet
Wu Jian
Xom
Yredelemnul
Zin
The Shining One

Shops:
D:2 ?[*(!   D:4 [

Annotations:
D:5 Dowan, Duvessa


Innate Abilities, Weirdness & Mutations

You are too large for most types of armour.
You have tough skin. (AC +1)


Message History

You hear the roar of battle.
There is an entrance to a bailey on this level.
Hurry and find it before the portal closes forever!
The bullfrog croaks.
You hear a shout!
Found a robe, a pair of gloves and 17 stones.
There is a stone staircase leading up here.
Okay, then.
The centaur shouts!
A water moccasin comes into view.
The water moccasin hisses angrily.
The centaur wields a +0 shortbow.
The centaur shoots an arrow.
The arrow hits you!
A sky beast comes into view.
The centaur shoots an arrow.
The arrow hits you.
The centaur shoots an arrow.
The arrow hits you! The wyvern bites you! The wyvern bites you.
You climb upwards.
There is a stone staircase leading down here.
You hit the wyvern but do no damage. The wyvern bites you.
You hit the wyvern but do no damage. The wyvern bites you.
You closely miss the wyvern. The wyvern bites you! The wyvern bites you.
You sock the wyvern!
The wyvern is heavily wounded.
The wyvern bites you.
You barely miss the wyvern.
The wyvern is heavily wounded.
The wyvern bites you!
* * * LOW HITPOINT WARNING * * *
The wyvern closely misses you.
You hit the wyvern.
The wyvern is heavily wounded.
The wyvern bites you.
* * * LOW HITPOINT WARNING * * *
A red film seems to cover your vision as you go berserk!
You feel yourself moving faster!
You feel mighty! The wyvern bites you!!
* * * LOW HITPOINT WARNING * * *
The wyvern barely misses you.
You closely miss the wyvern.
The wyvern is heavily wounded.
The wyvern bites you!
You die...

#.# #.# #.###.#.....#.......#
#.# #.# #..##.#.............#
#.# #.# ##.##.##............#
#.# #.# #..#.##...).....####
#.# #.# ##.#.##....[....#
#.####.######.#............#
#.#........................#
##.#.##.#######..l..#########
................@.....#
##.#.##.########.#....#######
#.#.##.###.#...............#
#.#.##.....#.##.#..##.####.#
##.#.######.#.##.#..##.# #.#
##.#.# #....#.##.#.....# #.#
##.#.# #.####.##.#.##### #.#
##.#<###...............# #.#
##............##.#.###.# #.#


You could see a wyvern.

Vanquished Creatures
  Pikel (D:5)
  An ice beast (D:6)
  2 necrophages
  3 ogres (D:5)
  A lemure (D:5)
  Blork the orc (D:4)
  2 phantoms (D:6)
  A bullfrog (D:6)
  A scorpion (D:4)
  2 water moccasin zombies (D:5)
  A wyvern zombie (D:5)
  A howler monkey (D:5)
  2 gnoll shamans
  5 hounds
  A jelly (D:5)
  A bullfrog skeleton (D:5)
  Jessica (D:2)
  An iguana (D:6)
  Robin (D:2)
  14 gnolls
  3 adders
  A white imp (D:6)
  An adder skeleton (D:4)
  A worm (D:3)
  2 orcs
  4 endoplasms
  3 giant cockroaches
  10 goblins
  5 hobgoblins
  3 jackals (D:4)
  7 quokkas
  8 ball pythons
  4 bats
  4 frilled lizards
  5 kobolds
  3 rats
107 creatures vanquished.

Vanquished Creatures (others)
  A ball python (D:4)
1 creature vanquished.

Grand Total: 108 creatures vanquished

Notes
Turn   | Place    | Note
-------+----------+-------------------------------------------
     0 | D:1      | Infinimo the Ogre Gladiator began the quest for the Orb.
     0 | D:1      | Reached XP level 1. HP: 22/22 MP: 1/1
   323 | D:1      | Found a faded altar of an unknown god.
   496 | D:1      | Reached XP level 2. HP: 21/29 MP: 2/2
  1647 | D:2      | Found Fozah's Armour Emporium.
  1654 | D:2      | Found Heho's General Store.
  1678 | D:2      | Noticed Jessica
  1681 | D:2      | Killed Jessica
  1682 | D:2      | Reached XP level 3. HP: 37/37 MP: 3/3
  1715 | D:2      | Found Waigujom's Weapon Shop.
  1883 | D:2      | Found Dioram Ylla's Distillery.
  1930 | D:2      | Noticed Robin
  1937 | D:2      | Killed Robin
  1938 | D:2      | Reached XP level 4. HP: 45/45 MP: 4/4
  2426 | D:2      | Found a radiant altar of Vehumet.
  2719 | D:2      | Found Races's Magic Scroll Emporium.
  2773 | D:2      | Reached XP level 5. HP: 53/54 MP: 5/5
  2800 | D:2      | Bought a scroll of teleportation for 39 gold pieces
  3465 | D:4      | Noticed Blork the orc
  3868 | D:4      | Noticed a necrophage
  3883 | D:4      | Killed a necrophage
  3884 | D:4      | Reached XP level 6. HP: 57/65 MP: 6/6
  3957 | D:4      | Found Yxoqehauq's Antique Armour Emporium.
  4334 | D:4      | Killed Blork the orc
  4335 | D:4      | Reached skill level 5 in Fighting
  4335 | D:4      | Reached skill level 5 in Maces & Flails
  4703 | D:4      | Reached XP level 7. HP: 44/72 MP: 7/7
  5268 | D:4      | Identified the +6 leather armour of Wariness {+Blink}
  5284 | D:4      | Found a staircase to the Ecumenical Temple.
  5684 | Temple   | Entered the Ecumenical Temple
  5892 | Temple   | Became a worshipper of Warmaster Okawaru
  5976 | D:5      | Entered Level 5 of the Dungeon
  6359 | D:5      | Noticed Pikel
  6375 | D:5      | Killed Pikel
  6375 | D:5      | Reached * piety under Okawaru
  6376 | D:5      | Reached skill level 5 in Dodging
  6376 | D:5      | Reached XP level 8. HP: 46/84 MP: 8/8
  6411 | D:5      | Noticed Duvessa
  7256 | D:5      | Reached ** piety under Okawaru
  7840 | D:5      | Identified the +8 mace of Defiance {flame, rN+++ Will-
                  | SInv}
  7840 | D:5      | Noticed Dowan
  9620 | D:6      | Reached XP level 9. HP: 81/94 MP: 9/9
 10932 | D:6      | HP: 7/144 [wyvern (18)]
 10933 | D:6      | Slain by a wyvern

Illustrated notes

Levels and vault maps discovered:
D:1:      psy_arrival_fountain, layout_loops_corners,
          ebering_ecumenical_altar_sacrificial, serial_forest,
          infiniplex_forest_lined_room_3, infiniplex_forest_clump_double,
          infiniplex_forest_corner_2, infiniplex_forest_lined_corner,
          infiniplex_forest_corner_1, infiniplex_forest_lined_corner,
          infiniplex_forest_straight_2, infiniplex_forest_clump_small,
          infiniplex_forest_clump_C, infiniplex_forest_lined_corner,
          roderic_lattice_a
D:2:      layout_loops_ring, basic_altar, serial_shops, nicolae_square_shop,
          shop, nicolae_shop_bloodbath_and_beyond, shop, shop, uniq_jessica,
          uniq_robin
D:3:      layout_basic
D:4:      layout_basic, lemuel_temple_firewalk_a, serial_shops,
          nicolae_shop_trees, uniq_blork_the_orc
D:5:      layout_layer_cave, kennysheep_generic_room_11, uniq_duvessa,
          uniq_pikel
D:6:      layout_basic
D:7:      layout_rooms, enter_ossuary_4, enter_bailey_5,
          minmay_fractal_squares_diagonal_5
Temple:   kilobyte_greek_temple

Skill      XL: |  1  2  3  4  5  6  7  8  9 |
---------------+----------------------------+-----
Fighting       | 3 4 5 6 7 8 |  8.2
Maces & Flails | 3 4 5 6 7 8 |  8.2
Dodging        | 3 4 5 6 |  6.0
Throwing       | |  2.0

Action                   |  1- 3 |  4- 6 |  7- 9 || total
-------------------------+-------+-------+-------++-------
Melee: Flail             |    40 |    36 |    96 ||   172
       Whip              |       |    50 |   187 ||   237
       Punch             |       |     1 |     7 ||     8
 Fire: Hunting sling     |    38 |    75 |    24 ||   137
Throw: Throwing net      |       |       |     2 ||     2
Evoke: Wand              |       |       |    10 ||    10
  Use: Scroll            |       |     3 |     7 ||    10
       Potion            |       |     1 |     1 ||     2
 Stab: Sleeping          |     1 |       |       ||     1
Armor: Robe              |    27 |    22 |    38 ||    87
       Skin              |       |     8 |       ||     8
Dodge: Dodged            |    32 |    60 |   110 ||   202
